 Dungeon Crawl Stone Soup version 0.27.0-1-g7a08968 (webtiles) character file.

Game seed: 3938376303723404303

171300 edsrzf the Dancer (level 18, -11/110 HPs)
             Began as a Kobold Hedge Wizard on Aug 14, 2021.
             Was a Follower of Uskayaw.
             Mangled by an alligator simulacrum (25 damage)
             ... summoned by an orange crystal statue
             ... in an ice cave.
             The game lasted 01:49:45 (46061 turns).

edsrzf the Dancer (Kobold Hedge Wizard)            Turns: 46061, Time: 01:49:46

Health: -11/110    AC: 15    Str: 10    XL:     18   Next: 64%
Magic:  28/32      EV: 28    Int: 25    God:    Uskayaw [*.....]
Gold:   1288       SH:  0    Dex: 22    Spells: 10/37 levels left

rFire    . . .     SeeInvis .   b - +0 dagger (elec)
rCold    . . .     Faith    +   (shield restricted)
rNeg     . . .     Spirit   .   H - +0 steam dragon scales
rPois    +         Reflect  .   l - +0 helmet
rElec    .         Harm     .   D - +1 cloak
rCorr    +         Rampage  .   Y - +2 pair of gloves
Will     +....                  E - +1 pair of boots
Stlth    ++++++++..             j - amulet of faith {!P}
HPRegen  0.28/turn              q - ring of Koutal {Drain rPois rCorr Int+6 Stlth+}
MPRegen  0.23/turn              h - +6 ring of dexterity

@: no status effects
A: small, no large weapons, nightstalker 3
a: Renounce Religion, Stomp


You were in an ice cave.
You worshipped Uskayaw.
Uskayaw was pleased with you.
You visited 5 branches of the dungeon, and saw 27 of its levels.
You also visited: Bailey, Ice Cave and Volcano.

You collected 3095 gold pieces.
You spent 1807 gold pieces at shops.

Inventory:

Hand Weapons
 a - the +5 quick blade "Hubruc" {vamp, Str+3}
   (You acquired it on level 4 of the Dungeon)

   It occasionally heals its wielder for a portion of the damage dealt when it
   wounds a living foe.
   Str:       It affects your strength (+3).
 b - a +0 dagger of electrocution (weapon)
Missiles
 i - 105 poisoned darts
 t - 10 throwing nets {=f}
 u - 14 curare-tipped darts
Armour
 l - a +0 helmet (worn)
 D - a +1 cloak (worn)
 E - a +1 pair of boots (worn)
 H - +0 steam dragon scales (worn)
 Y - a +2 pair of gloves (worn)
Jewellery
 c - a ring of fire
 h - a +6 ring of dexterity (right hand)
 j - an amulet of faith (around neck) {!P}
 m - a +4 ring of evasion
 p - the ring "Qemuaw Peru" {rElec Str+6 Int+3 Dex+3}
   (You acquired it on level 3 of the Lair of Beasts)

   [ring of strength]

   Str:       It affects your strength (+6).
   Int:       It affects your intelligence (+3).
   Dex:       It affects your dexterity (+3).
   rElec:     It insulates you from electricity.
 q - the ring of Koutal (left hand) {Drain rPois rCorr Int+6 Stlth+}
   (You bought it in a shop on level 1 of the Elven Halls)

   [ring of resist corrosion]

   Int:       It affects your intelligence (+6).
   rPois:     It protects you from poison.
   rCorr:     It protects you from acid and corrosion.
   Drain:     It drains your maximum health when unequipped.
   Stlth:     It makes you more stealthy.
 r - a ring of ice
 w - the amulet of Light {-Tele Harm Rampage rPois Regen+}
   (You found it on level 6 of the Lair of Beasts)

   [amulet of regeneration]

   rPois:     It protects you from poison.
   -Tele:     It prevents most forms of teleportation.
   Regen:     It increases your rate of health regeneration.
   Harm:      It increases damage dealt and taken.
   Rampage:   It bestows one free step when moving towards enemies.
 I - a +6 ring of intelligence
 K - a ring of protection from cold
 R - the ring "Moshram" {rN+ Str+6 Dex-3 Stlth+}
   (You found it on level 10 of the Dungeon)

   [ring of strength]

   Str:       It affects your strength (+6).
   Dex:       It affects your dexterity (-3).
   rN:        It protects you from negative energy.
   Stlth:     It makes you more stealthy.
 S - an amulet of magic regeneration
Wands
 y - a wand of iceblast (68)
 F - a wand of acid (1)
 Q - a wand of paralysis (10)
 T - a wand of digging (5)
 W - a wand of flame (106)
 X - a wand of mindburst (27)
Scrolls
 d - a scroll of fear
 f - 5 scrolls of enchant weapon
 n - 10 scrolls of teleportation {@r3}
 o - 2 scrolls of fog
 x - 7 scrolls of amnesia
 B - 4 scrolls of vulnerability
 J - 2 scrolls of magic mapping
 L - 2 scrolls of identify {@r1}
 O - 2 scrolls of enchant armour
Potions
 g - a potion of heal wounds
 k - 2 potions of resistance
 s - 5 potions of might
 v - 4 potions of lignification
 z - 3 potions of invisibility
 A - 6 potions of brilliance
 C - 4 potions of ambrosia
 G - 3 potions of cancellation
 M - a potion of flight
 N - 6 potions of haste
 P - 2 potions of berserk rage {!q}
 U - a potion of magic
 V - a potion of mutation {!q}
 Z - 2 potions of curing


   Skills:
 - Level 11.0 Fighting
 - Level 12.2 Short Blades
 - Level 7.0 Armour
 - Level 15.0 Dodging
 - Level 15.0 Stealth
 - Level 10.0 Spellcasting
 - Level 9.0 Conjurations
 - Level 12.0 Hexes
 - Level 1.0 Summonings
 - Level 1.0 Translocations
 + Level 3.4 Earth Magic
 - Level 15.0 Invocations


You had 10 spell levels left.
You knew the following spells:

 Your Spells              Type           Power      Damage    Failure   Level
a - Stone Arrow           Conj/Erth      86%        3d12      1%          3
b - Blink                 Tloc           N/A        N/A       4%          2
c - Confusing Touch       Hex            64%        N/A       1%          3
d - Iron Shot             Conj/Erth      21%        9d5       52%         6
f - Conjure Flame         Conj/Fire      35%        6-21      2%          3
x - Magic Dart            Conj           100%       1d8       1%          1
C - Mephitic Cloud        Conj/Pois/Air  27%        N/A       4%          3
I - Invisibility          Hex            32%        N/A       5%          6

Your spell library contained the following spells:

 Spells                   Type           Power      Damage    Failure   Level
 Foxfire                  Conj/Fire      100%       2x1d9     1%          1
 Sandblast                Erth           58%        2d13      1%          1
 Slow                     Hex            64%        N/A       1%          2
 Static Discharge         Conj/Air       35%        N/A       1%          2
 Fulminant Prism          Conj/Hex       30%        3d16      1%          4
 Passwall                 Tmut/Erth      17%        N/A       3%          2
 Iskenderun's Battlesphe  Conj           55%        2d11      3%          5
 Beastly Appendage        Tmut           24%        N/A       4%          1
 Call Imp                 Summ           17%        N/A       4%          2
 Iskenderun's Mystic Bla  Conj/Tloc      37%        2d9       6%          4
 Wereblood                Tmut           12%        N/A       8%          2
 Hailstorm                Conj/Ice       35%        3d9       8%          4
 Sticky Flame             Conj/Fire      35%        2d5       8%          4
 Gell's Gravitas          Tloc           8%         N/A       10%         3
 Lesser Beckoning         Tloc           8%         N/A       10%         3
 Teleport Other           Tloc           17%        N/A       10%         3
 Silence                  Hex/Air        21%        N/A       12%         5
 Spider Form              Tmut/Pois      6%         N/A       14%         3
 Swiftness                Air            12%        N/A       14%         3
 Vampiric Draining        Necr           6%         2d6       14%         3
 Lightning Bolt           Conj/Air       17%        1d32      22%         5
 Bolt of Magma            Conj/Fire/Erth 16%        4d9       26%         5
 Passage of Golubria      Tloc           N/A        N/A       32%         4
 Lee's Rapid Deconstruct  Erth           14%        3d10*     32%         5
 Dispel Undead            Necr           12%        3d9       43%         4
 Ice Form                 Ice/Tmut       12%        N/A       43%         4
 Dispersal                Tloc           8%         N/A       99%         6
 Shadow Creatures         Summ           N/A        N/A       99%         6
 Spellforged Servitor     Conj/Summ      18%        N/A       99%         7
 Simulacrum               Ice/Necr       6%         N/A       100%        6
 Disjunction              Tloc           8%         N/A       100%        8
 Lehudib's Crystal Spear  Conj/Erth      21%        10d6      100%        8
 Maxwell's Capacitive Co  Air            6%         ∞         100%        8
 Shatter                  Erth           14%        3d14*     100%        9


Dungeon Overview and Level Annotations

Branches:
Dungeon (15/15)            Temple (0/1) D:4            Lair (6/6) D:8
  Swamp (0/4) Lair:2       Spider (1/4) Lair:3        Slime (0/5) Lair:6
    Orc (2/2) D:12            Elf (3/3) Orc:2        Vaults (0/5) D:13
 Depths (0/5) D:15         Bailey (visited)           IceCv (1/1)
Volcano (visited)

Altars:
Cheibriados
Dithmenos
Fedhas
Kikubaaqudgha
Makhleb
Okawaru
Qazlal
Sif Muna
Uskayaw
Wu Jian
Xom
Beogh
Jiyva

Shops:
D:4 *[!?   D:12 [   D:14 [   D:15 [   Orc:2 **[*   Elf:1 :==   Elf:3 (?*

Portals:
Trove: D:13 (give +4 storm dragon scales)

Annotations:
D:4 exclusion: scorpion, Menkaure
Spider:1 exclusion: ice statue IceCv exclusion: orange crystal statue


Innate Abilities, Weirdness & Mutations

You are small and have problems with some larger weapons.
You are completely attuned to the shadows.


Message History

The freezing wraith is heavily damaged.
You hit the freezing wraith.
The freezing wraith is heavily damaged.
The freezing wraith barely misses you.
The freezing wraith completely misses you.
You barely miss the freezing wraith.
The freezing wraith is heavily damaged.
You hit the freezing wraith but do no damage.
The freezing wraith is heavily damaged.
The freezing wraith barely misses you.
The freezing wraith completely misses you.
You hit the freezing wraith but do no damage.
Lightning courses through the freezing wraith!
The freezing wraith is severely damaged.
You hit the freezing wraith but do no damage.
Lightning courses through the freezing wraith!
You destroy the freezing wraith!
You hit the freezing wraith but do no damage.
Lightning courses through the freezing wraith!
The freezing wraith is heavily damaged.
Press: ? - help, v - describe, . - travel
Here: a freezing wraith (heavily damaged, summoned)
The floor.
You barely miss the freezing wraith.
The freezing wraith is heavily damaged.
The freezing wraith completely misses you. x2
You barely miss the freezing wraith.
The freezing wraith is moderately damaged.
You hit the freezing wraith but do no damage.
The freezing wraith is moderately damaged.
The freezing wraith misses you.
The freezing wraith hits you but does no damage.
You closely miss the freezing wraith.
The freezing wraith is moderately damaged.
You hit the freezing wraith but do no damage.
Lightning courses through the freezing wraith!
The freezing wraith is severely damaged.
The freezing wraith misses you. x2
You hit the freezing wraith but do no damage.
The freezing wraith is severely damaged.
You hit the freezing wraith but do no damage.
The freezing wraith is severely damaged.
The freezing wraith closely misses you.
The freezing wraith completely misses you.
You hit the freezing wraith but do no damage.
The freezing wraith is severely damaged.
You hit the freezing wraith but do no damage.
The freezing wraith is severely damaged.
The freezing wraith misses you.
The freezing wraith completely misses you.
You can no longer pass through a line of other dancers.
You hit the freezing wraith but do no damage.
Lightning courses through the freezing wraith!!
You destroy the freezing wraith!
Press: ? - help, v - describe, . - travel
Here: a dire elephant simulacrum (summoned)
The floor.
Unknown command.
Casting: Stone Arrow (safe; 1% risk of failure)
Confirm with . or Enter, or press ? or * to list all spells.
Aiming: Stone Arrow (safe; 1% risk of failure)
Press: ? - help, Shift-Dir - straight line, f - dire elephant simulacrum
Aim: a dire elephant simulacrum (summoned, 100% to hit)
The stone arrow hits the dire elephant simulacrum!!
The dire elephant simulacrum is heavily damaged.
You hit the dire elephant simulacrum.
The dire elephant simulacrum is heavily damaged.
You hit the dire elephant simulacrum but do no damage.
The dire elephant simulacrum is heavily damaged.
The dire elephant simulacrum closely misses you.
The dire elephant simulacrum completely misses you.
You hit the dire elephant simulacrum but do no damage.
The dire elephant simulacrum is heavily damaged.
Casting: Stone Arrow (safe; 1% risk of failure)
Confirm with . or Enter, or press ? or * to list all spells.
You blink.
The dire elephant simulacrum misses you.
The dire elephant simulacrum closely misses you.
Press: ? - help, v - describe, . - travel
Here: an alligator simulacrum (summoned, wandering, hasn't noticed you)
The floor.
Unknown command.
You hit the alligator simulacrum but do no damage.
You barely miss the alligator simulacrum.
The alligator simulacrum closely misses you.
The alligator simulacrum barely misses you.
You hit the alligator simulacrum.
The alligator simulacrum is lightly damaged.
Casting: Blink (safe; 4% risk of failure)
Confirm with . or Enter, or press ? or * to list all spells.
You blink.
The alligator simulacrum bites you. The alligator simulacrum freezes you!
The alligator simulacrum tail-slaps you.
The alligator simulacrum freezes you!!
* * * LOW HITPOINT WARNING * * *
The dire elephant simulacrum closely misses you. x2
The alligator simulacrum bites you.
* * * LOW HITPOINT WARNING * * *
The alligator simulacrum freezes you!!
You die...

#.......#
#.......#
#.....Z.#
#..Z....#
####.####
#......[#
#!......#
#.......#
#......@#
#....ZZ.#
##....Z##
##...##
##.##
##...##
##.....##
#...∩...#
#.......##


You could see an alligator simulacrum (summoned) and 2 dire elephant simulacra.

Vanquished Creatures
  Jorgrun (Elf:2)
  Frances (D:12)
  6 deep elf sorcerers
  The ghost of marwff the Spear-Bearer, an adept MfGl of Hepliaklqana (D:15)
  Louise (Elf:2)
  Aizul (Elf:2)
  A very ugly thing (IceCv)
  A stone giant (D:15)
  The ghost of Mallanif the Martial Artist, a journeyman GnTm of Ashenzari (D:13)
  Nessos (D:15)
  A deep elf annihilator (Elf:3)
  A deep elf demonologist (Elf:3)
  2 dire elephants (Lair:6)
  A merfolk javelineer (D:15)
  A deep elf high priest (Elf:3)
  Josephine (D:11)
  2 merfolk impalers (D:15)
  5 boulder beetles
  Fannar (D:10)
  An ogre mage (D:13)
  6 hydras
  2 catoblepae (Lair:6)
  5 centaur warriors
  8 two-headed ogres
  13 death yaks
  2 tengu warriors (D:15)
  Urug (Lair:2)
  17 dancing weapons
  A storm dragon zombie (D:15)
  An orc high priest (Orc:2)
  Nergalle (D:11)
  Sonja (D:11)
  A shock serpent (shapeshifter) (D:14)
  4 skeletal warriors
  12 deep elf knights
  A spectral death yak (Lair:6)
  A golden dragon zombie (D:15)
  A spectral anaconda (Lair:6)
  A flayed ghost (D:15)
  Pikel (D:5)
  7 deep elf archers
  An orange crystal statue (IceCv)
  4 necromancers
  An obsidian statue (Lair:6)
  31 deep elf pyromancers
  An orc knight (Orc:2)
  25 deep elf zephyrmancers
  2 anaconda skeletons (Volcano)
  A wolf spider (Spider:1)
  6 orc sorcerers
  2 manticores
  9 ugly things
  10 elephants (Lair:6)
  Maurice (D:12)
  4 cyclopes
  A spriggan zombie (D:15)
  10 black mambas
  A dire elephant zombie (Lair:6)
  4 centaur skeletons (D:13)
  5 gargoyles
  A dire elephant skeleton (Lair:6)
  7 cane toads
  A torpor snail (Lair:6)
  5 rime drakes
  3 kobold demonologists
  3 golden dragon simulacra (IceCv)
  6 freezing wraiths
  7 komodo dragons
  A guardian mummy (D:15)
  5 jumping spiders
  2 anaconda simulacra (IceCv)
  2 polar bears
  6 trolls
  5 blink frogs (Lair:5)
  2 spectral elephants (Lair:6)
  4 dream sheep (Lair:6)
  Grinder (D:6)
  A redback (Spider:1)
  A flying skull (Volcano)
  A centaur simulacrum (D:15)
  An air elemental (Elf:1)
  A deep troll skeleton (D:15)
  6 wraiths
  57 yaks
  3 water elementals
  A shadow (D:13)
  5 dire elephant simulacra
  5 wyverns
  5 fire elementals
  A steam dragon (D:7)
  5 basilisks
  A death yak simulacrum (Lair:6)
  2 vampire mosquitoes (D:14)
  6 wargs (Orc:1)
  A spectral cane toad (Lair:6)
  A swamp worm (Lair:2)
  A harpy simulacrum (IceCv)
  25 orc warriors
  9 water moccasins
  A floating eye (shapeshifter) (Elf:2)
  An elephant zombie (Lair:6)
  3 sky beasts
  2 black bears (D:8)
  3 ice beasts
  2 hornet zombies
  4 elephant skeletons (Lair:6)
  22 centaurs
  An ettin simulacrum (IceCv)
  8 ogres
  21 wolves
  4 phantoms
  A lemure (D:5)
  6 kobold brigands
  13 bullfrogs
  4 earth elementals
  8 gnoll sergeants (Bailey)
  3 scorpions
  A cane toad simulacrum (Lair:6)
  A wyvern skeleton (D:6)
  A water moccasin skeleton (D:7)
  2 elephant simulacra (Lair:6)
  3 lindwurm simulacra (IceCv)
  9 wights
  2 troll skeletons (Volcano)
  7 killer bees
  2 howler monkeys
  2 electric eels
  2 centaur zombies
  6 hounds
  2 jellies
  Crazy Yiuf (D:6)
  A bullfrog skeleton (D:6)
  21 orc priests
  6 gnoll shamans (Bailey)
  An iron imp (D:7)
  2 iguanas
  A killer bee zombie (D:8)
  31 orc wizards
  A bullfrog simulacrum (D:6)
  A naga skeleton (Volcano)
  A howler monkey zombie (D:8)
  A killer bee simulacrum (D:6)
  26 gnolls
  10 adders
  A shadow imp (D:6)
  5 white imps
  2 ufetubi
  3 worms
  3 dart slugs
  74 orcs
  8 ball pythons
  4 bats
  2 bat zombies (D:4)
  6 endoplasms
  6 giant cockroaches
  14 goblins
  15 hobgoblins
  9 jackals
  19 kobolds
  4 quokkas
  5 frilled lizards
  3 rats
  A rat zombie (D:4)
872 creatures vanquished.

Vanquished Creatures (collateral kills)
  A deep elf blademaster (Elf:2)
  A deep elf knight (Elf:2)
2 creatures vanquished.

Vanquished Creatures (others)
  The ghost of Ozzieoiler the Skirmisher, a novice DsAK of Lugonu (D:6)
  A deep elf zephyrmancer (Elf:1)
  A troll (D:14)
  2 flying skulls (Volcano)
  A centaur (D:14)
  A water moccasin simulacrum (D:6)
  An orc wizard (Orc:2)
  A bullfrog simulacrum (D:6)
  9 bushes (D:14)
  A demonic plant (D:1)
  61 fungi
  56 plants
  25 withered plants (Lair:6)
161 creatures vanquished.

Grand Total: 1035 creatures vanquished

Notes
Turn   | Place    | Note
-------+----------+-------------------------------------------
     0 | D:1      | edsrzf the Kobold Hedge Wizard began the quest for the Orb.
     0 | D:1      | Reached XP level 1. HP: 10/10 MP: 4/4
   519 | D:1      | Reached skill level 2 in Conjurations
   519 | D:1      | Reached XP level 2. HP: 15/15 MP: 1/6
  1157 | D:1      | Reached XP level 3. HP: 19/19 MP: 4/7
  1359 | D:1      | Reached skill level 3 in Conjurations
  1530 | D:1      | Noticed a Brimstone Fiend
  1536 | D:1      | Found a faded altar of an unknown god.
  2020 | D:2      | Reached XP level 4. HP: 23/24 MP: 6/8
  2780 | D:2      | Reached skill level 4 in Conjurations
  3511 | D:3      | Identified 3 potions of heal wounds
  3518 | D:3      | Reached XP level 5. HP: 24/28 MP: 4/9
  3570 | D:3      | Reached skill level 5 in Conjurations
  3722 | D:3      | Learned a level 2 spell: Blink
  3755 | D:3      | Found a hide-covered altar of Uskayaw.
  4247 | D:3      | Became a worshipper of Uskayaw the Reveller
  4340 | D:3      | Reached * piety under Uskayaw
  4348 | D:3      | Learned a level 3 spell: Mephitic Cloud
  4584 | D:3      | Noticed an ogre
  4785 | D:4      | Reached ** piety under Uskayaw
  4963 | D:4      | Found Puppek's Magic Scroll Shoppe.
  4965 | D:4      | Found Pinet's Armour Emporium.
  4968 | D:4      | Bought a scroll of identify for 22 gold pieces
  4970 | D:4      | Found Amuwul's Distillery.
  5019 | D:4      | Reached XP level 6. HP: 32/32 MP: 3/11
  5094 | D:4      | You fall into a shaft and drop 2 floors!
  5095 | D:6      | Noticed Grinder
  5139 | D:5      | Entered Level 5 of the Dungeon
  5354 | D:5      | Noticed Pikel
  5376 | D:5      | Killed Pikel
  5377 | D:5      | Reached skill level 7 in Spellcasting
  5377 | D:5      | Reached XP level 7. HP: 23/36 MP: 11/17
  5556 | D:4      | Identified a potion of curing
  5628 | D:4      | Found a staircase to the Ecumenical Temple.
  5830 | D:4      | Noticed Menkaure
  5842 | D:4      | Found a shimmering blue altar of Sif Muna.
  5987 | D:4      | Reached *** piety under Uskayaw
  5988 | D:4      | Reached skill level 1 in Short Blades
  5988 | D:4      | Reached skill level 3 in Stealth
  5988 | D:4      | Reached XP level 8. HP: 16/41 MP: 15/18
  6259 | D:4      | Reached skill level 2 in Short Blades
  6474 | D:4      | Reached skill level 4 in Stealth
  6474 | D:4      | Identified a potion of might
  6541 | D:4      | Found Coax Jyo's Lightly-Used Armoury.
  6601 | D:4      | Found an ancient bone altar of Kikubaaqudgha.
  6663 | D:4      | Found a blossoming altar of Fedhas.
  6663 | D:4      | Found a stormy altar of Qazlal.
  7544 | D:3      | Reached skill level 3 in Short Blades
  7718 | D:4      | Identified a potion of attraction
  7841 | D:5      | HP: 2/41 [hornet zombie (4)]
  7844 | D:5      | Reached skill level 5 in Stealth
  8089 | D:5      | Reached skill level 4 in Short Blades
  8305 | D:5      | Reached **** piety under Uskayaw
  8975 | D:5      | Reached skill level 5 in Short Blades
  8975 | D:5      | Reached skill level 6 in Stealth
  9105 | D:6      | Reached ***** piety under Uskayaw
  9337 | D:6      | Reached skill level 7 in Stealth
  9337 | D:6      | Reached XP level 9. HP: 45/45 MP: 19/19
  9346 | D:6      | Identified 3 potions of invisibility
  9373 | D:6      | Learned a level 3 spell: Conjure Flame
  9436 | D:6      | Reached skill level 6 in Short Blades
  9451 | D:6      | Reached skill level 8 in Stealth
  9550 | D:6      | Found a runed translucent gate.
  9551 | D:6      | Found a runed translucent gate.
  9552 | D:6      | Found a runed translucent gate.
  9679 | D:6      | Reached skill level 7 in Short Blades
  9830 | D:6      | Reached skill level 9 in Stealth
 10394 | D:6      | Found a runed translucent door.
 10397 | D:6      | Noticed Crazy Yiuf
 10402 | D:6      | Killed Crazy Yiuf
 10403 | D:6      | Reached skill level 8 in Short Blades
 10626 | D:6      | Noticed Ozzieoiler's ghost (novice DsAK)
 10632 | D:6      | Identified 3 scrolls of enchant weapon
 10633 | D:6      | Identified 2 scrolls of blinking
 10646 | D:6      | Killed Ozzieoiler's ghost
 10649 | D:6      | Reached skill level 10 in Stealth
 10881 | D:6      | Reached skill level 9 in Short Blades
 10881 | D:6      | Reached skill level 1 in Invocations
 11272 | D:6      | Killed Grinder
 11273 | D:6      | Reached skill level 2 in Invocations
 11273 | D:6      | Reached XP level 10. HP: 50/50 MP: 20/20
 11361 | D:7      | Reached skill level 3 in Invocations
 11400 | D:7      | Found a snail-covered altar of Cheibriados.
 11488 | D:7      | Reached skill level 10 in Short Blades
 11579 | D:7      | Reached skill level 4 in Invocations
 12377 | D:7      | Reached skill level 5 in Invocations
 12779 | D:8      | Reached skill level 11 in Short Blades
 12955 | D:8      | Identified a potion of brilliance
 13201 | D:8      | Reached skill level 6 in Invocations
 13339 | D:8      | Found a shadowy altar of Dithmenos.
 13348 | D:8      | Noticed a two-headed ogre
 13356 | D:8      | Killed a two-headed ogre
 13373 | D:8      | Reached skill level 12 in Short Blades
 13373 | D:8      | Reached skill level 7 in Invocations
 13373 | D:8      | Reached XP level 11. HP: 51/54 MP: 16/21
 13377 | D:8      | Reached ****** piety under Uskayaw
 13563 | D:8      | Found a staircase to the Lair.
 14106 | D:9      | Found an ornate altar of the Wu Jian Council.
 14157 | D:9      | Found a burning altar of Makhleb.
 14159 | D:9      | Found a shimmering altar of Xom.
 14196 | D:9      | Reached skill level 2 in Fighting
 14292 | D:9      | Reached skill level 3 in Fighting
 14292 | D:9      | Identified a potion of ambrosia
 14475 | D:9      | Identified a potion of cancellation
 14755 | D:10     | Entered Level 10 of the Dungeon
 14825 | D:10     | Reached skill level 4 in Fighting
 14836 | D:10     | Noticed a two-headed ogre
 15134 | D:10     | Noticed a two-headed ogre
 15390 | D:10     | Noticed a cyclops
 15417 | D:10     | Killed a cyclops
 15418 | D:10     | Reached skill level 5 in Fighting
 15547 | D:10     | Killed a two-headed ogre
 15548 | D:10     | Reached skill level 6 in Fighting
 15593 | D:10     | Learned a level 6 spell: Invisibility
 15647 | D:10     | Identified the ring "Moshram" {rN+ Str+6 Dex-3 Stlth+}
 15751 | D:10     | Noticed Fannar
 15755 | D:10     | Killed Fannar
 15756 | D:10     | Reached skill level 7 in Fighting
 15756 | D:10     | Reached skill level 2 in Hexes
 16028 | D:10     | Killed a two-headed ogre
 16029 | D:10     | Reached skill level 3 in Hexes
 16035 | D:11     | Noticed Sonja
 16038 | D:11     | Killed Sonja
 16039 | D:11     | Reached skill level 4 in Hexes
 16048 | D:11     | Noticed a boulder beetle
 16053 | D:11     | Killed a boulder beetle
 16054 | D:11     | Reached skill level 5 in Hexes
 16058 | D:11     | Identified 4 scrolls of teleportation
 16059 | D:11     | Identified 4 scrolls of fog
 16060 | D:11     | Identified 5 scrolls of amnesia
 16061 | D:11     | Identified 2 scrolls of noise
 16062 | D:11     | Identified 2 scrolls of magic mapping
 16084 | D:11     | Noticed a two-headed ogre
 16112 | D:11     | Noticed a two-headed ogre
 16113 | D:11     | Found a flagged portal.
 16143 | D:11     | Noticed a cyclops
 16151 | D:11     | Killed a cyclops
 16152 | D:11     | Reached skill level 8 in Fighting
 16152 | D:11     | Reached XP level 12. HP: 73/73 MP: 16/22
 16155 | D:11     | Identified a potion of berserk rage
 16160 | Bailey   | Entered a bailey
 16395 | Bailey   | Identified 4 potions of haste
 16613 | Bailey   | Reached skill level 6 in Hexes
 17374 | D:11     | Learned a level 3 spell: Confusing Touch
 17563 | D:11     | Noticed Nergalle
 17577 | D:11     | Killed Nergalle
 17578 | D:11     | Reached skill level 7 in Hexes
 17644 | D:11     | Noticed Josephine
 17657 | D:11     | Killed Josephine
 17658 | D:11     | Reached skill level 9 in Fighting
 18036 | D:12     | Reached skill level 8 in Hexes
 18134 | D:12     | Found Nuphisitt's Armour Emporium.
 18168 | D:12     | Found a staircase to the Orcish Mines.
 18308 | D:12     | Noticed Maurice
 18387 | D:12     | Noticed a two-headed ogre
 18412 | D:12     | Killed a two-headed ogre
 18414 | D:12     | Killed a two-headed ogre
 18553 | D:12     | Killed Maurice
 18554 | D:12     | Reached skill level 10 in Fighting
 18774 | D:12     | Reached skill level 9 in Hexes
 18777 | D:12     | Noticed Frances
 18797 | D:12     | Killed Frances
 18798 | D:12     | Reached XP level 13. HP: 46/83 MP: 13/23
 19030 | D:12     | Noticed a boulder beetle
 19036 | D:12     | Killed a boulder beetle
 19045 | D:12     | Noticed an eight-headed hydra
 19047 | D:12     | Killed an eight-headed hydra
 19356 | D:12     | Reached skill level 11 in Fighting
 19857 | D:12     | Reached skill level 10 in Hexes
 20202 | D:13     | Noticed a centaur warrior
 20381 | Lair:1   | Entered Level 1 of the Lair of Beasts
 20653 | Lair:1   | Reached skill level 11 in Hexes
 20795 | Lair:1   | Identified a potion of magic
 21028 | Lair:1   | You fall into a shaft and drop 1 floor!
 22057 | Lair:2   | Noticed Urug
 22071 | Lair:2   | Noticed a seven-headed hydra
 22159 | Lair:2   | Killed a seven-headed hydra
 22178 | Lair:2   | Reached skill level 12 in Hexes
 22684 | Lair:2   | Found a staircase to the Swamp.
 22960 | Lair:2   | Reached skill level 8 in Spellcasting
 23008 | Lair:2   | Found the +8 whip "Snakebite" {venom, curare, rPois}
 23525 | Lair:2   | Killed Urug
 23577 | Lair:3   | Reached skill level 9 in Spellcasting
 23816 | Lair:3   | Reached XP level 14. HP: 83/90 MP: 27/27
 23876 | Lair:3   | Identified a scroll of torment
 24113 | Lair:3   | Identified a potion of resistance
 24379 | Lair:3   | Identified a scroll of acquirement
 24379 | Lair:3   | Acquired the ring "Qemuaw Peru" {rElec Str+6 Int+3 Dex+3}
 24383 | Lair:3   | Identified a scroll of summoning
 24494 | Lair:3   | Found a hole to the Spider Nest.
 24520 | Lair:3   | Reached skill level 10 in Spellcasting
 24542 | Lair:3   | Reached skill level 3 in Dodging
 24853 | Lair:4   | Identified a potion of lignification
 24902 | Lair:4   | Reached skill level 4 in Dodging
 25040 | Lair:4   | Reached skill level 5 in Dodging
 25241 | Lair:4   | Reached skill level 6 in Dodging
 25440 | Lair:4   | Identified a potion of degeneration
 25545 | Lair:4   | Reached skill level 7 in Dodging
 25566 | Lair:4   | Reached skill level 8 in Dodging
 26189 | Lair:4   | Identified the +4 ring mail of Dogma {rPois Will+}
 26487 | Lair:5   | Reached skill level 9 in Dodging
 26693 | Lair:5   | Reached skill level 10 in Dodging
 26813 | Lair:5   | Found a dark tunnel.
 26841 | Volcano  | Entered a volcano
 26903 | Volcano  | Reached skill level 11 in Dodging
 27141 | Volcano  | Reached skill level 8 in Invocations
 27547 | Lair:5   | Reached XP level 15. HP: 83/94 MP: 23/29
 27625 | Lair:5   | Reached skill level 9 in Invocations
 28311 | Lair:6   | Entered Level 6 of the Lair of Beasts
 28337 | Lair:6   | Identified a potion of mutation
 28424 | Lair:6   | Identified 4 scrolls of vulnerability
 28425 | Lair:6   | Identified a scroll of enchant armour
 28462 | Lair:6   | Reached skill level 10 in Invocations
 28467 | Lair:6   | Found a staircase to the Slime Pits.
 28468 | Lair:6   | Found a viscous altar of Jiyva.
 29291 | Lair:6   | Reached skill level 11 in Invocations
 29369 | Lair:6   | Reached skill level 1 in Armour
 29579 | Lair:6   | Reached skill level 2 in Armour
 29948 | Lair:6   | Reached skill level 3 in Armour
 30113 | Lair:6   | Reached skill level 4 in Armour
 30442 | Lair:6   | Reached skill level 5 in Armour
 31342 | Lair:6   | Identified a potion of flight
 31375 | Lair:6   | Reached skill level 6 in Armour
 31379 | Lair:6   | Identified the amulet of Light {-Tele Harm Rampage rPois
                  | Regen+}
 31899 | Orc:1    | Entered Level 1 of the Orcish Mines
 31990 | Orc:1    | You fall into a shaft and drop 1 floor!
 31990 | Orc:2    | Entered Level 2 of the Orcish Mines
 32677 | Orc:1    | Reached skill level 7 in Armour
 33250 | Orc:2    | Reached XP level 16. HP: 87/100 MP: 27/30
 33338 | Orc:2    | Reached skill level 6 in Conjurations
 33394 | Orc:2    | Paralysed by an orc sorcerer for 5 turns
 33719 | Orc:2    | Found a staircase to the Elven Halls.
 33908 | Orc:2    | Found Fobb's General Store.
 33909 | Orc:2    | Found Xeferuh's General Store.
 33911 | Orc:2    | Found Neylede's General Store.
 33911 | Orc:2    | Found Dainkiri's Antique Armour Boutique.
 33979 | Orc:2    | Bought a pair of glowing boots for 247 gold pieces
 34441 | D:4      | Bought a scroll of acquirement for 572 gold pieces
 34441 | D:4      | Bought a scroll of enchant weapon for 82 gold pieces
 34441 | D:4      | Acquired the +5 quick blade "Hubruc" {vamp, Str+3}
 34983 | D:13     | Reached skill level 12 in Invocations
 35063 | D:13     | Found a gate to the Vaults.
 35533 | D:13     | Found a portal to a secret trove of treasure.
 35577 | D:13     | Found a runed translucent gate.
 35577 | D:13     | Found a runed translucent gate.
 35577 | D:13     | Found a runed translucent gate.
 35586 | D:13     | Noticed Mallanif's ghost (journeyman GnTm)
 35590 | D:13     | Killed Mallanif's ghost
 35597 | D:13     | Identified a scroll of immolation
 35671 | D:14     | Reached skill level 13 in Invocations
 35726 | D:14     | Found Qiklem's Armour Emporium.
 37267 | D:15     | Entered Level 15 of the Dungeon
 37308 | D:15     | Found Yluek's Armour Emporium.
 37332 | D:15     | Reached skill level 14 in Invocations
 37354 | D:15     | Noticed Nessos
 37358 | D:15     | Killed Nessos
 37545 | D:15     | Found a staircase to the Depths.
 37975 | D:15     | Found an iron altar of Okawaru.
 38015 | D:15     | Found a runed translucent gate.
 38015 | D:15     | Found a runed translucent gate.
 38015 | D:15     | Found a runed translucent gate.
 38457 | D:15     | Identified the +0 plate armour "Pirigit" {Rampage Int+4
                  | Stlth+}
 38463 | D:15     | Noticed marwff's ghost (adept MfGl)
 38468 | D:15     | Reached skill level 15 in Invocations
 38474 | D:15     | Killed marwff's ghost
 38475 | D:15     | Reached XP level 17. HP: 49/104 MP: 23/31
 38478 | D:15     | Found an iron altar of Okawaru.
 38798 | Elf:1    | Entered Level 1 of the Elven Halls
 38896 | Elf:1    | Paralysed by an air elemental for 1 turns
 38910 | Elf:1    | Reached skill level 12 in Dodging
 39680 | Elf:1    | Found Fientoaw's Jewellery Shop.
 39680 | Elf:1    | Found Gyotz's Jewellery Shop.
 39681 | Elf:1    | Found Nuntid's Book Shoppe.
 39691 | Elf:1    | Bought the ring of Koutal {Drain rPois rCorr Int+6 Stlth+}
                  | for 779 gold pieces
 40025 | Elf:1    | Reached skill level 13 in Dodging
 40169 | Elf:1    | Got Inirablo's Handbook of Attacks and Companions
 40486 | Elf:1    | Reached skill level 14 in Dodging
 41010 | Elf:2    | Noticed Jorgrun
 41043 | Elf:2    | Killed Jorgrun
 41044 | Elf:2    | Reached skill level 15 in Dodging
 41184 | Elf:2    | Noticed Aizul
 41210 | Elf:2    | Killed Aizul
 41211 | Elf:2    | Reached skill level 7 in Conjurations
 41252 | Elf:2    | Reached skill level 8 in Conjurations
 41265 | Elf:2    | Found a runed translucent gate.
 41266 | Elf:2    | Found a runed translucent gate.
 41266 | Elf:2    | Found a runed translucent gate.
 41832 | Elf:2    | Reached skill level 11 in Stealth
 42034 | Elf:2    | Identified the +2 scale mail of Bomuid {rPois Will+ Int-5}
 42045 | Elf:2    | Noticed Louise
 42052 | Elf:2    | Killed Louise
 42153 | Elf:2    | Reached XP level 18. HP: 110/110 MP: 26/32
 42159 | Elf:2    | Reached skill level 12 in Stealth
 42196 | Elf:2    | Reached skill level 13 in Stealth
 42465 | Elf:2    | Noticed a deep elf blademaster
 42488 | Elf:2    | Killed a deep elf blademaster
 42970 | Elf:2    | Reached skill level 14 in Stealth
 43319 | Elf:3    | Entered Level 3 of the Elven Halls
 43356 | Elf:3    | Found Aruzu's Assorted Antiques.
 43358 | Elf:3    | Found Bejintog's Magic Scroll Shop.
 43360 | Elf:3    | Found Qihibett's Antique Weapon Boutique.
 43368 | Elf:3    | Bought a scroll of enchant armour for 105 gold pieces
 44015 | Elf:3    | Reached skill level 15 in Stealth
 44028 | Elf:3    | Noticed a deep elf master archer
 44028 | Elf:3    | Noticed a Tzitzimitl
 44999 | Spider:1 | Entered Level 1 of the Spider Nest
 45011 | Spider:1 | Reached skill level 9 in Conjurations
 45015 | Spider:1 | Identified a scroll of fear
 45040 | Spider:1 | Found a frozen archway.
 45053 | IceCv    | Entered an ice cave
 45259 | IceCv    | Learned a level 3 spell: Stone Arrow
 45266 | IceCv    | Learned a level 6 spell: Iron Shot
 45513 | IceCv    | Reached skill level 1 in Earth Magic
 45672 | IceCv    | HP: 4/110 [dire elephant simulacrum (37)]
 45674 | IceCv    | Reached skill level 2 in Earth Magic
 45967 | IceCv    | Reached skill level 3 in Earth Magic
 46061 | IceCv    | Mangled by an alligator simulacrum

Illustrated notes

Levels and vault maps discovered:
D:1:      minmay_arrival_cross, layout_basic,
          dreamdust_ecumenical_altar_sealed_demon
D:2:      layout_basic
D:3:      layout_loops_ring, mainiacjoe_overflow_alcove_4,
          hangedman_abyss_or_decor_lesser_grid
D:4:      minmay_evil_eye, layout_basic, grunt_temple_overflow_forces_of_nature,
          lemuel_zombie_altar_kikubaaqudgha,
          mainiacjoe_overflow_small_starburst, minmay_temple_entry_slanted,
          grunt_ministairs_8, hex_intersection, nicolae_wooded_promenade,
          hangedman_abyss_or_decor_stagger, minmay_shop_damaged,
          minmay_close_crescents, uniq_menkaure
D:5:      layout_rooms, uniq_pikel
D:6:      layout_cave_pods, gammafunk_ghost_icy, uniq_grinder,
          uniq_crazy_yiuf_cottage
D:7:      layout_rooms, slow_altar_1, st_stairs_4
D:8:      corexii_shantytown, layout_loops_ring, grunt_dithmenos_smoke,
          grunt_lair_entry_orc_guard_hut, st_stairs_12
D:9:      layout_big_octagon, gammafunk_temple_overflow_forgotten
D:10:     layout_loops_ring, uniq_fannar
D:11:     layout_rooms, enter_bailey_1, uniq_nergalle, uniq_sonja,
          uniq_josephine
D:12:     layout_loops_ring, david_orc_3, serial_shops,
          nicolae_shop_behind_doors, chequers_serial_rivers_large_a,
          uniq_frances, uniq_maurice
D:13:     layout_roguey, hangedman_vaults_entry_quadrant_bands,
          ebering_ghost_rock_garden, enter_trove_3
D:14:     layout_basic, serial_shops, nicolae_square_shop, special_room
          [special_room_orc], minivault_23, minmay_hedge_maze
D:15:     gammafunk_depths_entry_grave, layout_cave_pools,
          gammafunk_ghost_fury_of_okawaru, serial_shops, shop_statue,
          okawaru_gym_becter, uniq_nessos
Lair:1:   layout_regular_city, minmay_holes, chequers_serial_rivers_marsh,
          serial_bayou_pond_c
Lair:2:   minmay_guarded_unrand_snakebite, layout_long_grid,
          nicolae_swamp_entry_splash_gauntlet, patterned_corridor,
          infiniplex_staircase_pool_2, grunt_megastairs_5, uniq_urug
Lair:3:   layout_small_grid, spider_nest_entry_a
Lair:4:   layout_gridlike, serial_forest, infiniplex_forest_side_room,
          infiniplex_forest_end_2, infiniplex_forest_lined_room_3,
          infiniplex_forest_clump_long, chequers_serial_rivers_micro_e,
          nzn_sisyphean_effort, grunt_megastairs_2, infiniplex_staircase_pool,
          lemuel_fruit_fields, lemuel_fruit_tree
Lair:5:   layout_small_grid, nicolae_volcano_entry_hallway
Lair:6:   due_jungle_book, layout_gridlike, slime_altar_1, grunt_megastairs_1
Spider:1: layout_spider_delve, ebering_ghost_rock_garden,
          portal_ice_cave_entry_ice_statue_one, drop_trap, nicolae_spider_bzzzt
Orc:1:    cheibrodos_orc_guarddog, layout_caves
Orc:2:    st_orc_mages, layout_caves
Elf:1:    layout_loops_corners, minmay_elf_sorcery, minmay_shop_grove
Elf:2:    nicolae_elf_blades_crystal_corner, layout_gridlike, uniq_louise,
          uniq_jorgrun, uniq_aizul
Elf:3:    minmay_elf_hall_dome, layout_geoelf_diagonals, lemuel_flamethrower_3,
          minmay_shop_star
IceCv:    ice_cave_statue_garden_chambered

Skill      XL: |  1  2  3  4  5  6  7  8  9 10 11 12 13 14 15 16 17 18 |
---------------+-------------------------------------------------------+-----
Conjurations   | 2 3 4 5 6 8 9 |  9.0
Spellcasting   | 7 9 10 | 10.0
Short Blades   | 1 5 9 12 | 12.2
Stealth        | 3 7 10 11 15 | 15.0
Invocations    | 2 7 8 11 15 | 15.0
Fighting       | 8 10 11 | 11.0
Hexes          | 5 9 12 | 12.0
Dodging        | 11 15 | 15.0
Armour         | 7 |  7.0
Earth Magic    | 3 |  3.4
Summonings     | |  1.0
Translocations | |  1.0

Action                   |  1- 3 |  4- 6 |  7- 9 | 10-12 | 13-15 | 16-18 || total
-------------------------+-------+-------+-------+-------+-------+-------++-------
Melee: Dagger            |    39 |       |       |   560 |  1434 |   605 ||  2638
       Short sword       |       |    37 |    98 |    60 |       |       ||   195
       Hand axe          |       |     7 |    51 |    32 |       |       ||    90
       Long sword        |       |       |       |       |    21 |       ||    21
       Quick blade       |       |       |       |       |       |   740 ||   740
Throw: Throwing net      |       |       |       |       |       |     1 ||     1
 Cast: Magic Dart        |    69 |   104 |   147 |    57 |    71 |    68 ||   516
       Blink             |       |       |     2 |       |    11 |     7 ||    20
       Conjure Flame     |       |       |     4 |     2 |    17 |    16 ||    39
       Mephitic Cloud    |       |       |     1 |     8 |     8 |    16 ||    33
       Confusing Touch   |       |       |       |     1 |     2 |     1 ||     4
       Invisibility      |       |       |       |       |     6 |     7 ||    13
       Stone Arrow       |       |       |       |       |       |    16 ||    16
Invok: Line Pass         |       |       |       |       |     1 |     1 ||     2
       Grand Finale      |       |       |       |       |       |     1 ||     1
Evoke: Wand              |       |       |       |       |     6 |     4 ||    10
  Use: Potion            |       |     1 |     2 |     2 |     4 |     6 ||    15
       Scroll            |       |       |     6 |    10 |    13 |    11 ||    40
 Stab: Sleeping          |       |       |     8 |    62 |    78 |    53 ||   201
       Paralysed         |       |       |     5 |    21 |    45 |    71 ||   142
       Confused          |       |       |     1 |     8 |     6 |    20 ||    35
       Distracted        |       |       |       |     3 |     4 |     4 ||    11
       Invisible         |       |       |       |       |    17 |    24 ||    41
       Held in net/web   |       |       |       |       |       |     1 ||     1
Armor: Robe              |     7 |    11 |    35 |    13 |       |       ||    66
       Steam dragon scal |       |       |       |    75 |   168 |   151 ||   394
Dodge: Dodged            |    45 |    55 |   178 |   401 |   873 |   787 ||  2339
       Rpst.: Long sword |       |       |       |       |     9 |       ||     9
